 Dungeon Crawl Stone Soup version 0.23.1 (webtiles) character file.

Game seed: 14368940089623556143

183 Jannitor the Skirmisher (level 5, -8/46 HPs)
             Began as a Centaur Chaos Knight on Mar 10, 2019.
             Was a Plaything of Xom.
             Engulfed by Ijyb the jumping spider (glowing shapeshifter)'s foul pestilence (15 damage)
             ... on level 3 of the Dungeon.
             The game lasted 00:03:10 (2242 turns).

Jannitor the Skirmisher (Centaur Chaos Knight)      Turns: 2242, Time: 00:03:10

Health: -8/46      AC:  7    Str: 16    XL:     5   Next: 35%
Magic:  5/5        EV:  9    Int: 11    God:    Xom [..*...]
Gold:   154        SH:  0    Dex:  8    Spells: 4/4 levels left

rFire    . . .     SeeInvis .   a - +0 mace (chaos)
rCold    . . .     Gourm    .   (no shield)
rNeg     . . .     Faith    .   b - +2 leather armour
rPois    .         Spirit   .   (no helmet)
rElec    .         Reflect  .   (no cloak)
rCorr    .         Harm     .   m - +0 pair of gloves
MR       .....                  (no barding)
Stlth    ..........             (no amulet)
HPRegen  0.15/turn              (no ring)
MPRegen  0.09/turn              (no ring)

@: lethally poisoned (-8 -> -25), very slightly contaminated, slowed, invisible
(expiring)
A: large, hooves 3, deformed body, speed 2, tough skin 3
a: Renounce Religion


You were on level 3 of the Dungeon.
You worshipped Xom.
You were a toy of Xom.
You were not hungry.

You visited 1 branch of the dungeon, and saw 3 of its levels.

You collected 154 gold pieces.

Inventory:

Hand Weapons
 a - a +0 mace of chaos (weapon)
Armour
 b - a +2 leather armour (worn)
 m - a +0 pair of gloves (worn)
Jewellery
 g - an uncursed amulet of the acrobat {unknown}
Scrolls
 k - a scroll of amnesia
 p - a scroll of teleportation {unknown}
Potions
 e - 2 potions of haste
 i - a potion of agility
 l - a potion of lignification
 q - a potion of cancellation {unknown}
Comestibles
 c - 9 rations
 r - 5 chunks of flesh


   Skills:
 + Level 4.2 Fighting
 + Level 3.8 Maces & Flails
 + Level 2.6 Armour
 - Level 0.7 Dodging


You had 4 spell levels left.
You didn't know any spells.
Your spell library was empty.

Dungeon Overview and Level Annotations

Branches:
Dungeon (3/15)

Altars:

Annotations:
D:3 Ijyb


Innate Abilities, Weirdness & Mutations

You have hooves in place of feet.
Armour fits poorly on your strangely shaped body.
You cover ground very quickly.
You have extremely tough skin. (AC +3)


Message History

The goblin dies!
As you read the scroll labeled PUODIRI FORAE, it crumbles to dust.
The dust glows faint magenta!
It was a scroll of random uselessness.
You are more poisoned.
You feel very sick.
Ijyb is engulfed in dark miasma.
Ijyb is poisoned.
Ijyb seems to slow down.
Ijyb barely misses you. Ijyb bites you.
As you read the scroll labeled ESIYSOITADD, it crumbles to dust.
You hear a loud clanging noise!
It was a scroll of noise.
You are more poisoned.
You feel your flesh rotting away!
You feel yourself slow down.
* * * LOW HITPOINT WARNING * * *
x2 You feel very sick.
Ijyb pounces on you but does no damage. Ijyb bites you.
* * * LOW HITPOINT WARNING * * *
You feel better.
You are lethally poisoned!
You feel as though you will be slow longer.
You die...
Xom guffaws!

##################
#8......>..g.....#
#)g#..######.g...#
##.##....(.(.###[##
#.#...(###### #@s#
#.#.##......# ##÷###
8.#########.# #...#
g)#####.....#####''###
#g#...........#......#
##...######.#.§≈§≈.#
#........#..#..§≈≈.#
##.......#.##.≈§...#
##..#.#....##.≈.§§§#


You could see Ijyb the jumping spider shaped shifter.

Vanquished Creatures
  An orc wizard (D:2)
  Natasha (twice) (D:2)
  An iguana (D:2)
  2 adders (D:2)
  An ooze (D:3)
  4 dart slugs (D:1)
  A leopard gecko (D:3)
  4 orcs
  A ball python (D:1)
  3 giant cockroaches
  4 goblins
  5 hobgoblins
  7 kobolds
  2 quokkas
  3 bats (D:1)
  4 frilled lizards
  5 rats
50 creatures vanquished.

Vanquished Creatures (others)
  A goblin (D:3)
1 creature vanquished.

Grand Total: 51 creatures vanquished

Notes
Turn   | Place    | Note
-------+----------+-------------------------------------------
     0 | D:1      | Jannitor the Centaur Chaos Knight began the quest for the
                  | Orb.
     0 | D:1      | Reached XP level 1. HP: 19/19 MP: 1/1
    29 | D:1      | XOM: potion effect (invisibility)
    57 | D:1      | Reached XP level 2. HP: 14/26 MP: 2/2
   390 | D:1      | Reached XP level 3. HP: 29/31 MP: 3/3
   872 | D:2      | Found a faded altar of an unknown god.
   941 | D:2      | Reached XP level 4. HP: 36/40 MP: 4/4
  1206 | D:2      | Noticed Natasha
  1215 | D:2      | Killed Natasha
  1440 | D:2      | Reached skill level 4 in Fighting
  1724 | D:3      | XOM: harmless Summ miscast
  1732 | D:2      | XOM: harmless Tmut miscast
  1757 | D:2      | Noticed Natasha
  1760 | D:2      | Killed Natasha
  1760 | D:2      | Reached XP level 5. HP: 43/46 MP: 5/5
  1852 | D:3      | XOM: silly message
  2197 | D:3      | Noticed Ijyb
  2233 | D:3      | Noticed Ijyb
  2233 | D:3      | Ijyb changed into Ijyb the glowing shapeshifter
  2233 | D:3      | Noticed Ijyb
  2233 | D:3      | Ijyb the glowing shapeshifter changed into Ijyb the
                  | lindwurm
  2234 | D:3      | Noticed Ijyb
  2234 | D:3      | Ijyb the lindwurm changed into Ijyb the snapping turtle
  2235 | D:3      | Noticed Ijyb
  2235 | D:3      | Ijyb the snapping turtle changed into Ijyb the lindwurm
  2236 | D:3      | Noticed Ijyb
  2236 | D:3      | Ijyb the lindwurm changed into Ijyb the death drake
  2239 | D:3      | Noticed Ijyb
  2239 | D:3      | Ijyb the death drake changed into Ijyb the jumping spider
  2241 | D:3      | HP: 1/45 [Ijyb the jumping spider (glowing shapeshifter)
                  | (4)]
  2242 | D:3      | Engulfed by Ijyb the jumping spider (glowing
                  | shapeshifter)'s foul pestilence

Skill      XL: |  1  2  3  4 |
---------------+-------------+-----
Maces & Flails | 3 |  3.8
Armour         | 2 |  2.6
Fighting       | 4 |  4.2
Dodging        | |  0.7

Action                   |  1- 3 |  4- 6 || total
-------------------------+-------+-------++-------
Melee: Mace              |    77 |    74 ||   151
       Kick              |    16 |    12 ||    28
  Use: Scroll            |       |     9 ||     9
       Potion            |       |     2 ||     2
 Stab: Invisible         |       |     1 ||     1
       Petrifying        |       |     1 ||     1
  Eat: Chunk             |       |     3 ||     3
Armor: Leather armour    |    38 |    34 ||    72
Dodge: Dodged            |    33 |    32 ||    65
